Map: Alcyone LE

Players

SubN

  • Race: Zerg Zerg
  • League: Diamond
  • Spawn Location: 7:00

NecesaryPapr - Winner!

  • Race: Terran Terran
  • Spawn Location: 1:00

VOD

Have the link to the VOD?

Description

Time

  • Played on: Dec. 27, 2023, 12:34 a.m.
  • Length: 17:45
Show
View Real Time Build Order
Export as new Build Order

SubN Zerg 

Build Orders: Hatch First 

Get SALT Encoding   

  12  0:00  Drone  
  13  0:12  Overlord  
  13  0:18  Drone  
  14  0:30  Drone x2  
  16  0:52  Hatchery  
  16  0:54  Drone x2  
  17  0:58  Drone  
  17  1:00  Extractor  
  17  1:16  Spawning Pool  
  17  1:18  Drone  
  17  1:21  Drone  
  18  1:27  Drone  
  19  1:42  Drone  
  20  2:00  Overlord  
  20  2:03  Queen  
  20  2:04  Queen  
  24  2:21  Zergling x4  
  26  2:24  Drone  
  26  2:30  Hatchery  
  26  2:32  Drone x2  
  27  2:38  Metabolic Boost  
  27  2:55  Drone x5  
  27  2:56  Drone  
  35  3:06  Queen  
  35  3:33  Drone  
  35  3:34  Overlord x2  
  36  3:44  Drone x4  
  40  3:52  Drone x3  
  40  3:54  Queen  
  45  3:58  Drone x2  
  47  4:08  Queen  
  47  4:10  Drone x3  
  50  4:18  Drone x3  
  53  4:29  Queen  
  55  4:41  Zergling x4  
  55  4:43  Overlord x5  
  57  4:48  Extractor  
  57  4:51  Overlord  
  56  4:54  Overlord  
  56  4:56  Overlord  
  56  5:07  Spore Crawler  
  55  5:09  Drone  
  55  5:11  Spore Crawler  
  56  5:14  Drone x3, Spore Crawler  
  56  5:15  Drone x3  
  56  5:16  Drone  
  56  5:19  Extractor  
  56  5:20  Queen  
  62  5:27  Drone x4  
  66  5:31  Lair, Extractor  
  66  5:35  Drone x2  
  66  5:36  Drone  
  66  5:39  Roach Warren  
  67  5:49  Queen  
  69  5:57  Drone, Spore Crawler  
  69  5:58  Drone  
  70  6:05  Spore Crawler  
  70  6:06  Spore Crawler  
  70  6:08  Drone  
  70  6:10  Drone x13  
  82  6:26  Hatchery, Extractor  
  82  6:27  Drone  
  82  6:28  Drone x2, Extractor  
  82  6:45  Zergling x2  
  82  6:46  Drone  
  82  6:47  Drone x9  
  93  7:00  Roach x2  
  97  7:02  Zergling x2  
  98  7:09  Hydralisk Den  
  97  7:18  Glial Reconstitution  
  97  7:24  Overlord  
  97  7:26  Pneumatized Carapace  
  97  7:32  Overlord x7  
  97  7:34  Overseer x2  
  97  7:35  Overseer x2, Evolution Chamber x2  
  95  7:40  Drone  
  95  7:42  Drone  
  95  7:43  Drone  
  98  7:46  Queen  
  98  7:49  Hatchery  
  98  7:50  Hydralisk x4  
  98  7:51  Hydralisk x7  
  121  8:02  Zergling x2  
  121  8:05  Roach  
  123  8:07  Roach x3  
  123  8:11  Muscular Augments  
  129  8:13  Zerg Missile Weapons Level 1  
  129  8:14  Zerg Ground Armor Level 1  
  129  8:17  Drone x7  
  129  8:18  Drone x3  
  139  8:23  Extractor  
  139  8:24  Drone x2  
  139  8:25  Drone x3, Extractor  
  142  8:28  Drone  
  130  8:50  Drone x14  
  130  8:55  Queen  
  143  9:01  Queen  
  143  9:02  Hydralisk  
  145  9:03  Hydralisk x7  
  160  9:15  Overlord, Grooved Spines  
  160  9:16  Overlord x6  
  160  9:26  Spire, Spore Crawler x2  
  160  9:28  Overlord x4  
  157  9:33  Queen  
  159  9:43  Drone x3  
  159  9:44  Drone x2  
  162  9:59  Zergling x22  
  165  10:00  Zergling x4  
  165  10:03  Drone  
  166  10:07  Baneling Nest, Zergling x4  
  166  10:10  Zergling x8  
  151  10:31  Hydralisk x10  
  134  10:53  Infestation Pit  
  134  10:54  Mutalisk x10  
  153  10:57  Corruptor  
  153  10:59  Mutalisk x2  
  153  11:03  Drone x2, Extractor  
  160  11:05  Extractor  
  160  11:09  Mutalisk  
  160  11:10  Mutalisk x2  
  165  11:14  Centrifugal Hooks  
  166  11:18  Drone x2  
  166  11:20  Drone  
  166  11:22  Drone  
  166  11:23  Drone x4  
  166  11:24  Drone, Mutalisk  
  166  11:25  Mutalisk x3  
  176  11:30  Hive  
  176  11:31  Zerg Melee Weapons Level 1  
  176  11:32  Zerg Ground Armor Level 2  
  182  11:35  Zerg Flyer Weapons Level 1  
  182  11:36  Mutalisk  
  182  11:37  Mutalisk x5  
  194  11:44  Zergling x10  
  174  13:08  Hydralisk x12  
  174  13:09  Hydralisk  
  174  13:11  Zergling x2  
  174  13:12  Zergling x6  
  192  13:26  Mutalisk x3  
  192  13:27  Mutalisk x12  
  176  13:34  Zerg Flyer Weapons Level 2  
  200  13:40  Unknown, Hatchery  
  198  13:42  Hatchery  
  198  13:44  Zergling x2  
  198  13:45  Zergling x4  
  194  13:50  Mutalisk x4  
  200  14:04  Zerg Melee Weapons Level 2  
  200  14:06  Zerg Ground Armor Level 3  
  200  14:08  Adrenal Glands  
  184  14:28  Zergling x16  
  184  14:30  Hydralisk  
  190  14:32  Roach x5  
  190  15:12  Zergling x2  
  190  15:13  Zergling x18  
  199  15:39  Overlord x2  
  136  15:58  Roach x11  
  136  15:59  Roach x24  
  184  16:06  Queen  
  188  16:11  Roach  
  188  16:12  Roach x7  
  196  16:21  Roach  
  196  16:22  Roach x5  
  191  16:30  Roach  
  191  16:31  Roach x13  
  189  16:39  Roach x3  
  169  16:40  Roach x3  
  149  16:48  Roach x4  
  155  16:54  Queen  
  155  17:00  Roach  
  155  17:01  Roach x15  
  179  17:08  Zergling x8  
Show
View Real Time Build Order
Export as new Build Order

NecesaryPapr Terran - Winner!

Build Orders: Reaper Expand, Mech 

Get SALT Encoding   

  12  0:00  SCV  
  13  0:12  SCV  
  14  0:17  Supply Depot  
  14  0:24  SCV  
  15  0:39  SCV  
  15  0:40  Barracks  
  16  0:44  Refinery  
  16  0:51  SCV  
  17  1:03  SCV  
  18  1:17  SCV  
  19  1:29  Reaper  
  19  1:30  Orbital Command  
  20  1:44  Command Center  
  20  1:58  Supply Depot, SCV  
  21  2:03  Barracks Reactor  
  21  2:04  Marine  
  22  2:10  SCV  
  23  2:22  SCV  
  24  2:31  Barracks Reactor  
  24  2:34  Factory, SCV  
  25  2:46  SCV  
  25  2:56  Orbital Command  
  25  2:58  Bunker  
  25  2:59  SCV  
  26  3:09  Refinery  
  26  3:15  SCV  
  27  3:20  Barracks Tech Lab  
  27  3:21  Starport  
  27  3:23  SCV  
  27  3:27  SCV  
  27  3:33  Hellion x2  
  32  3:35  SCV  
  32  3:39  SCV  
  34  3:42  Marine  
  34  3:47  SCV  
  35  3:52  SCV  
  36  3:59  SCV  
  37  4:04  SCV  
  38  4:11  SCV  
  38  4:14  Refinery  
  38  4:15  Hellion x2  
  38  4:16  SCV  
  44  4:20  Viking  
  46  4:30  Supply Depot  
  46  4:31  SCV x2  
  46  4:36  Hellion  
  46  4:37  Hellion  
  52  4:46  SCV x2  
  54  4:52  Supply Depot  
  54  4:57  Command Center  
  54  4:58  SCV x2  
  56  5:01  Fusion Core  
  56  5:02  Hellion  
  56  5:03  Hellion  
  60  5:10  SCV x2  
  62  5:16  Supply Depot  
  62  5:17  Supply Depot  
  62  5:22  SCV x2  
  62  5:26  Factory  
  62  5:27  Factory  
  64  5:35  SCV x2  
  62  5:45  Refinery  
  62  5:47  SCV  
  62  5:48  Hellion x2  
  67  6:03  SCV x2  
  69  6:04  Command Center  
  69  6:18  Factory Tech Lab x2  
  69  6:19  Battlecruiser  
  69  6:20  SCV x2  
  77  6:32  SCV x2  
  79  6:43  Orbital Command  
  79  6:44  SCV  
  79  6:45  Refinery, Siege Tank x2, SCV  
  79  6:46  Hellion x2  
  91  6:56  SCV  
  91  6:57  SCV  
  93  7:06  Engineering Bay  
  93  7:09  SCV x2  
  95  7:17  Siege Tank  
  95  7:21  SCV x2  
  95  7:22  Hellion x2, Siege Tank  
  107  7:24  Supply Depot x2  
  107  7:27  Supply Depot x2  
  107  7:28  Supply Depot  
  107  7:35  Refinery  
  107  7:36  SCV x2  
  109  7:37  Sensor Tower  
  109  7:48  SCV x2  
  111  7:58  Factory  
  111  7:59  Cyclone, Hellion  
  111  8:00  Hellion, Factory, SCV  
  111  8:02  Factory  
  118  8:06  SCV  
  118  8:08  Planetary Fortress  
  118  8:12  SCV  
  120  8:14  SCV  
  120  8:18  SCV  
  122  8:24  SCV  
  122  8:26  Armory  
  123  8:28  Armory  
  123  8:30  Siege Tank  
  123  8:31  Siege Tank  
  129  8:48  Cyclone, Factory Tech Lab x2  
  131  8:55  Factory Tech Lab  
  129  8:59  Hellion  
  134  9:03  Siege Tank x2  
  137  9:15  Command Center  
  137  9:17  Sensor Tower  
  137  9:24  Refinery x2  
  137  9:33  Missile Turret  
  137  9:35  Missile Turret, Siege Tank  
  137  9:37  Thor, Siege Tank  
  151  9:38  Hellion, Siege Tank  
  151  9:39  Missile Turret  
  151  9:40  Missile Turret  
  151  9:41  Missile Turret  
  151  9:42  Missile Turret  
  154  9:58  Thor  
  150  10:16  Siege Tank x2  
  150  10:17  Siege Tank  
  150  10:18  Hellion  
  150  10:19  Hellion  
  142  10:28  Terran Vehicle Weapons Level 1  
  142  10:31  Orbital Command  
  141  10:37  Siege Tank  
  141  10:39  Hellion  
  141  10:40  Hellion  
  141  10:41  Siege Tank  
  145  10:43  SCV x2  
  145  10:44  SCV  
  145  10:49  Hellion x2  
  152  10:55  SCV  
  153  11:05  Command Center  
  153  11:07  Hellion x2  
  153  11:09  Hellion  
  165  11:17  Hellion x2  
  165  11:18  Command Center  
  169  11:19  Terran Vehicle And Ship Armor Level 1  
  169  11:27  Supply Depot  
  169  11:29  Supply Depot  
  169  11:32  Supply Depot  
  169  11:33  Supply Depot  
  169  11:35  Supply Depot  
  169  11:36  Supply Depot  
  169  11:40  Supply Depot  
  169  11:44  Thor, Hellbat  
  171  11:48  Thor  
  171  11:50  Thor  
  171  11:51  Factory  
  171  11:52  Factory  
  183  11:54  Missile Turret  
  183  11:56  Missile Turret  
  183  11:57  Hellion, Supply Depot  
  183  11:58  Hellion x2  
  189  12:06  Hellion, Missile Turret x2  
  191  12:09  Missile Turret  
  191  12:10  Missile Turret  
  190  12:26  SCV x2  
  190  12:27  Thor  
  190  12:28  Hellion  
  184  12:44  Thor  
  184  12:45  Hellion  
  187  12:52  Thor  
  187  12:55  Supply Depot x3  
  187  12:57  Supply Depot  
  187  12:58  SCV x2  
  157  13:31  Thor, Refinery  
  157  13:32  Hellion  
  165  13:36  SCV x2  
  165  13:37  SCV  
  168  13:53  Planetary Fortress  
  168  14:00  SCV x3  
  171  14:14  Viking  
  171  14:17  Factory Tech Lab x2  
  173  14:23  Thor x4  
  191  14:29  SCV  
  191  14:30  SCV  
  193  14:35  Missile Turret  
  193  14:45  Missile Turret  
  190  14:48  Missile Turret  
  183  14:54  Thor, Command Center  
  183  14:58  Thor  
  183  15:08  Hellion  
  183  15:10  SCV  
  186  15:31  Missile Turret  
  186  15:33  Missile Turret  
  186  15:36  Missile Turret  
  186  15:45  Missile Turret  
  186  15:49  Hellion x2  
  187  15:51  Thor  
  176  16:00  Thor  
  176  16:01  Hellion  
  174  16:19  Siege Tank x2  
  174  16:20  Hellion  
  174  16:24  Siege Tank x2  
  165  16:34  Siege Tank x2  
  165  16:43  Hellion, Siege Tank  
  165  16:44  SCV  
  163  16:48  SCV x2  
  163  16:51  Siege Tank  
  168  16:56  Hellion, Siege Tank  
  173  17:04  Orbital Command  
  173  17:06  SCV  
  173  17:07  SCV x2  
  172  17:09  Siege Tank  
Tags
 
Composition
Mech
League
Diamond
Matchup
TvZ
Replay Pack
2025 replay dump
Spawn Locations
Cross Positions
Add a new tag
Caveats
  • Supply blocks, unpowered buildings, or Contaminate may cause inaccurate times.
  • Supply counts are checked every 10 seconds.